Match 46481262
Unlisted

Match 46481262
End
Pioneer Squad
Construct Infanterie Kompanie
Grenadier Squad
MG 42 Machine Gun Team
Grenadier Squad
Construct Panzergrenadier Kompanie
251 Medium Carrier
Panzergrenadier Squad
Pak 40 Anti-tank Gun Team
Construct Panzer Kompanie
Pickelhaube Enthusiast
FeriG
0
0

Comments sign in to comment!

No comments posted yet!